 Dungeon Crawl Stone Soup version 0.27-a0-1299-g1ab19c6527 (webtiles) character file.

Game seed: 7926148253617139099

193 freelancePsychic the Magician (level 5, 0/35 HPs)
             Began as a Mummy Fire Elementalist on June 16, 2021.
             Slain by Natasha (3 damage)
             ... on level 4 of the Dungeon.
             The game lasted 00:06:53 (4072 turns).

freelancePsychic the Magician (MuFE)                Turns: 4072, Time: 00:06:54

Health: 0/35       AC:  3    Str: 12    XL:     5   Next: 44%
Magic:  4/12       EV: 12    Int: 15    God:
Gold:   145        SH:  0    Dex: 12    Spells: 11/14 levels left

rFire    x . .     SeeInvis .   e - +4 dagger (venom)
rCold    + + .     Faith    .   (no shield)
rNeg     + + +     Spirit   .   a - +0 robe
rPois    ∞         Reflect  .   i - +0 helmet
rElec    .         Harm     .   (no cloak)
rCorr    .         Rampage  .   (no gloves)
Will     .....                  (no boots)
Stlth    ++........             (no amulet)
HPRegen  0.11/turn              c - ring of flight
MPRegen  0.13/turn              h - ring of protection from cold

@: flying, slowed, very slow
A: cold resistance 1, negative energy resistance 3, torment resistance 2, heat
vulnerability 1, no potions
a: no special abilities


You were on level 4 of the Dungeon.
You visited 1 branch of the dungeon, and saw 4 of its levels.

You collected 145 gold pieces.

Inventory:

Hand Weapons
 e - a +4 dagger of venom (weapon)
Armour
 a - a +0 robe (worn)
 i - a +0 helmet (worn)
Jewellery
 c - a ring of flight (left hand)
 h - a ring of protection from cold (right hand)
Scrolls
 b - a scroll of amnesia
 d - 2 scrolls of identify {@r1}
 f - a scroll of teleportation {@r4}
 g - a scroll of torment


   Skills:
 - Level 1.5 Dodging
 - Level 1.5 Stealth
 + Level 5.0 Spellcasting
 + Level 3.0 Conjurations
 - Level 2.8 Fire Magic


You had 11 spell levels left.
You knew the following spells:

 Your Spells              Type           Power      Damage    Failure   Level
a - Foxfire               Conj/Fire      48%        2x1d6     4%          1
b - Searing Ray           Conj           24%        3d4       7%          2

Your spell library contained the following spells:

 Spells                   Type           Power      Damage    Failure   Level
 Magic Dart               Conj           48%        1d5       4%          1
 Conjure Flame            Conj/Fire      12%        6-21      14%         3
 Corona                   Hex            3%         N/A       16%         1
 Ensorcelled Hibernation  Hex/Ice        6%         N/A       24%         2
 Dazzling Flash           Conj/Hex       16%        N/A       26%         3
 Inner Flame              Hex/Fire       8%         N/A       26%         3
 Confusing Touch          Hex            3%         N/A       43%         3
 Tukima's Dance           Hex            3%         N/A       43%         3
 Sticky Flame             Conj/Fire      12%        2d4       43%         4
 Fulminant Prism          Conj/Hex       4%         3d6       65%         4
 Iskenderun's Mystic Bla  Conj/Tloc      8%         2d4       65%         4
 Fireball                 Conj/Fire      6%         3d5       80%         5
 Beastly Appendage        Tmut           Unusable   N/A       N/A         1
 Wereblood                Tmut           Unusable   N/A       N/A         2
 Spider Form              Tmut/Pois      Unusable   N/A       N/A         3
 Ice Form                 Ice/Tmut       Unusable   N/A       N/A         4

Dungeon Overview and Level Annotations

Branches:
Dungeon (4/15)
 Temple: D:4-7

Altars:

Annotations:
D:3 1 runed translucent door, Crazy Yiuf
D:4 Natasha, Pikel


Innate Abilities, Weirdness & Mutations

You are immune to poison.
Your flesh is cold resistant. (rC+)
You are immune to negative energy. (rN+++)
You are immune to unholy pain and torment.
You are vulnerable to heat. (rF-)
You do not drink.


Message History

Natasha claws you.
Pikel the Slaver comes into view.
He is wielding a +0 whip of flaming.
The white imp barely misses you.
The foxfire hits Natasha.
Natasha is lightly wounded.
The foxfire hits the white imp but does no damage.
The white imp is almost dead.
The white imp gestures at you. The puff of frost hits you. You resist.
Natasha claws you but does no damage. The white imp gestures at you.
The puff of frost hits you. You resist.
* * * LOW HITPOINT WARNING * * *
Pikel waves his whip at you. Natasha claws you but does no damage.
Casting: Foxfire (safe; 4% risk of failure)
Confirm with . or Enter, or press ? or * to list all spells.
Aiming: Searing Ray (safe; 7% risk of failure)
Press: ? - help, Shift-Dir - straight line The searing ray hits Natasha.
Natasha is heavily wounded.
The searing ray hits the white imp!
You kill the white imp! (Press . to maintain the ray.) Natasha claws you!
* * * LOW HITPOINT WARNING * * *
The searing ray hits Natasha.
Natasha is severely wounded.
The searing ray misses the white imp.
The searing ray hits Pikel!
Pikel is moderately wounded.
Natasha casts a spell at you. You resist with some effort.
Natasha mumbles some strange words.
Natasha glows brightly for a moment.
Natasha misses you.
The searing ray hits Natasha.
Natasha is almost dead.
The searing ray hits the white imp!
The white imp is severely wounded.
Natasha claws you.
You die...

. #.# #. #.# ...
#.# #... #.#
#....##.##
#.......K#
...###h# ..
.....##...# #@# .
.........###.# .
..g......##.# . #.
#.#.###..##.#
..#.##.#.###..##.#
..............##.#
#..............#
####.#.##.######
######.#.##.#


You could see Pikel, Natasha, a white imp (summoned) and a goblin.

Vanquished Creatures
  A centaur zombie (D:4)
  2 orc wizards (D:3)
  An adder (D:3)
  A worm (D:2)
  4 dart slugs
  6 orcs (D:3)
  7 ball pythons
  A bat (D:3)
  9 endoplasms
  2 giant cockroaches
  7 goblins
  7 hobgoblins
  14 jackals
  2 quokkas
  6 frilled lizards
  5 kobolds
  4 rats
79 creatures vanquished.

Vanquished Creatures (others)
  211 foxfires
  3 plants (D:4)
214 creatures vanquished.

Grand Total: 293 creatures vanquished

Notes
Turn   | Place    | Note
-------+----------+-------------------------------------------
     0 | D:1      | freelancePsychic the Mummy Fire Elementalist began the
                  | quest for the Orb.
     0 | D:1      | Reached XP level 1. HP: 13/13 MP: 4/4
   228 | D:1      | Reached skill level 1 in Conjurations
   315 | D:1      | Reached skill level 3 in Spellcasting
   373 | D:1      | Reached XP level 2. HP: 15/19 MP: 0/6
   588 | D:1      | Found a faded altar of an unknown god.
  1433 | D:2      | Reached XP level 3. HP: 14/24 MP: 7/7
  1567 | D:2      | Learned a level 2 spell: Searing Ray
  2761 | D:3      | Reached skill level 4 in Spellcasting
  2761 | D:3      | Reached XP level 4. HP: 30/30 MP: 1/10
  3465 | D:3      | Reached XP level 5. HP: 28/35 MP: 7/11
  3795 | D:3      | Found a runed translucent door.
  3796 | D:3      | Noticed Crazy Yiuf
  3992 | D:4      | Reached skill level 5 in Spellcasting
  4053 | D:4      | Noticed Natasha
  4067 | D:4      | Noticed Pikel
  4072 | D:4      | Slain by Natasha

Illustrated notes

Levels and vault maps discovered:
D:1:      lightli_arrival_chessboard, layout_basic,
          hellmonk_ecumenical_altar_run_dry, minmay_pentomino_o4
D:2:      layout_basic
D:3:      minmay_chambers_of_threes, layout_loops_cross, serial_glass,
          glass_columns_c, glass_columns_a, due_unseen_surprise,
          corexii_leaking_fountain, uniq_crazy_yiuf_cottage
D:4:      layout_loops_ring, lemuel_crystal_altar, cheibrodos_sewer_entry_drain,
          serial_bayou_lagoon_b, uniq_natasha, uniq_pikel

Skill      XL: |  1  2  3  4  5 |
---------------+----------------+-----
Conjurations   | 1 2 3 |  3.0
Spellcasting   | 3 4 5 |  5.0
Dodging        | |  1.5
Stealth        | |  1.5
Fire Magic     | |  2.8

Action                   |  1- 3 |  4- 6 || total
-------------------------+-------+-------++-------
Melee: Dagger            |    41 |    50 ||    91
 Cast: Foxfire           |    79 |    39 ||   118
       Searing Ray       |       |     3 ||     3
  Use: Scroll            |     7 |     1 ||     8
 Stab: Sleeping          |     1 |     2 ||     3
Armor: Robe              |     9 |    27 ||    36
Dodge: Dodged            |    36 |    36 ||    72

Table legend: (Time is in decaauts)
 A = Elapsed time spent in this place.
 B = Non-inter-level travel time spent in this place.
 C = Inter-level travel time spent in this place.
 D = Time resting spent in this place.
 E = Time spent auto-exploring this place.
 F = Levels seen in this place.
 G = Mean time per level.
                   A        B        C        D        E       F      G
               +--------+--------+--------+--------+--------+-----+--------+
         Total |   4074 |   3987 |     87 |    367 |   3055 |   4 | 1018.5 |
       Dungeon |   4074 |   3987 |     87 |    367 |   3055 |   4 | 1018.5 |
               +--------+--------+--------+--------+--------+-----+--------+

Top non-repeatable levels by time:
     D:1: 1408 daAuts
     D:3: 1294 daAuts
     D:2: 1243 daAuts
     D:4: 128 daAuts
